AoeStats
← Kojikaba

Black Forest

505964410Analyzed
2v2 RM · 20d ago on Sep 11, 2026· 44m 9s· 4 players
Game mode
Random Map
Map size
Medium (4 player)
Population
200
Speed
Normal
Resources
Standard
Victory
Conquest
Starting age
Dark Age
Ending age
Imperial Age
RankedLock teamsTeams togetherTeam positionsShared explorationLock speedFull tech treeHidden civsTurbo modeCheats
Victory
Defeat
🇩🇪 Sicilians · Germany
649
+41
🇩🇪 Celts · Germany
639
+17
🇬🇧 Khmer · United Kingdom
672
-17
🇬🇧 Bengalis · United Kingdom
671
-17
REHBITSCH4
0:29 Loom
14:17 Feudal Age
15:14 Double-Bit Axe
16:37 Wheelbarrow
15:56 Horse Collar
21:56 Castle Age
19:45 Man-at-Arms
22:08 Long Swordsman
29:18 Gold Mining
31:09 Pikeman
43:28 Imperial Age
Kojikaba
14:42 Feudal Age
15:28 Double-Bit Axe
15:26 Horse Collar
19:58 Wheelbarrow
19:49 Scale Mail Armor
20:00 Forging
20:38 Gold Mining
25:21 Stone Mining
40:51 Castle Age
44:44 Gold Shaft Mining
44:45 Stone Shaft Mining
44:24 Bow Saw
44:17 Heavy Plow
jonessb
1:16 Loom
14:27 Feudal Age
15:24 Double-Bit Axe
16:47 Horse Collar
20:55 Castle Age
22:20 Bow Saw
25:04 Wheelbarrow
Sir Grace
9:54 Loom
15:52 Feudal Age
18:25 Fletching
18:51 Horse Collar
23:41 Castle Age
22:03 Town Watch
25:56 Wheelbarrow
27:33 Bloodlines
27:25 Husbandry
29:52 Scale Barding Armor
29:57 Forging
Connection lost

Rejoining the realm…

Still unreachable

The connection could not be restored.

Session expired

The server has moved on; the page needs a fresh start.